[Event "German Rapid Championship 2022"]
[Site "Goettingen"]
[Date "2022.09.24"]
[Round "1.11"]
[White "Elier, Ali"]
[Black "Langrock, Hannes"]
[Result "0-1"]
[ECO "B21"]
[WhiteElo "2164"]
[BlackElo "2358"]
[Annotator "TA"]
[PlyCount "72"]
[EventDate "2022.09.24"]
[EventType "swiss"]
[EventCountry "GER"]
[SourceTitle "playchess.com"]
[Source "ChessBase"]
[SourceQuality "1"]
[TimeControl "900+10"]

1. e4 c5 2. d4 cxd4 3. c3 Nf6 4. e5 Nd5 5. Nf3 d6 6. Bc4 e6 7. cxd4 Be7 8. O-O {[%emt 0:00:10] B22: Sicilian: 2 c3.} O-O 9. Nc3 dxe5 10. Nxe5 {[%emt 0:00:09] The position is equal.} Nc6 11. Nxd5 exd5 {[%emt 0:00:05] [#]} 12. Bd3 $146 ({Predecessor:} 12. Nxc6 bxc6 13. Bd3 Bd6 14. Be3 a5 15. Qc2 h6 16. Qxc6 Be6 17. Rac1 a4 18. Bb1 {½-½ (79) Feuerstack,A (2344)-Langrock,H (2239) Playchess.com INT 2021}) 12... Nxd4 13. Bxh7+ Kxh7 14. Qxd4 Kg8 15. Bf4 Be6 16. Rac1 Qa5 17. Rc3 Rac8 18. Rg3 Bf6 19. Bh6 {[%emt 0:03:16][%cal Oh6g7] [#] aiming for Bxg7!} Qc7 (19... Qxa2 20. Bxg7 Rc3 21. Bxf6+ Rxg3 22. Qh4 Rg7 23. Qh6) 20. Bxg7 $2 {[%emt 0:01:22] This move loses the game for White.} Bxg7 $19 21. Qf4 (21. h3 $142) 21... f6 22. Qh6 $2 (22. Ng6) 22... fxe5 23. Qxe6+ Qf7 24. Rxg7+ (24. Qh6 $142) 24... Kxg7 {[%emt 0:00:07] Black is clearly winning.} 25. Qg4+ Qg6 26. Qd7+ Kh8 27. Qxd5 Qf6 {[%emt 0:00:09][%cal Of6f2] ( -> ...Qxf2+!)} 28. Qd3 Rc7 29. b4 Rh7 30. g3 Qh6 31. h4 Qf6 32. Qe4 Qf5 33. Qe3 Rg8 34. Kh2 Qf6 35. Rg1 {[%emt 0:00:23] [#]} (35. Re1 $142 Rh5 36. a3) 35... Rxh4+ $1 36. gxh4 (36. Kg2 Qc6+) 36... Qxh4+ {[%emt 0:00:02] Weighted Error Value: White=0.67/Black=0.33} 0-1

[Event "German Rapid Championship 2022"]
[Site "Goettingen"]
[Date "2022.09.24"]
[Round "1.12"]
[White "Spiess, Gunter"]
[Black "Arndt, Magnus"]
[Result "0-1"]
[ECO "E10"]
[WhiteElo "2384"]
[BlackElo "2384"]
[Annotator "TA"]
[PlyCount "110"]
[EventDate "2022.09.24"]
[EventType "swiss"]
[EventCountry "GER"]
[SourceTitle "playchess.com"]
[Source "ChessBase"]
[SourceQuality "1"]
[TimeControl "900+10"]

1. d4 Nf6 2. c4 e6 3. Nf3 a6 4. Nc3 d5 5. cxd5 exd5 6. Bg5 {[%emt 0:00:08][%cal Bc1g5,Bg5h4,Bh4g3][%mdl 32] D37: Queen's Gambit Declined: 5 Bf4.} Be6 7. e3 Nbd7 8. Bd3 {[%emt 0:00:05] White has an edge.} Bd6 9. O-O c6 $1 {[%emt 0:00:02] The main line 9...c6 scores better than 9...0-0.} 10. Qc2 Qc7 11. Bh4 Bg4 12. Bg3 (12. Rae1 {seems wilder.} Bxf3 13. gxf3 Bxh2+ 14. Kg2) 12... Bxf3 13. gxf3 {[%emt 0:00:02] [#]} Nf8 $146 ({Predecessor:} 13... O-O 14. Rac1 Rfe8 15. a3 Nf8 16. b4 Ng6 17. a4 Qe7 18. b5 cxb5 19. axb5 a5 {1-0 (36) Rustemov,A (2525)-Jacobson,B (2487) Chess.com INT 2020}) 14. Bf5 Ne6 15. Bxe6 fxe6 16. e4 Bf4 (16... Nh5 $11) 17. Ne2 (17. exd5 $1 $16 {aiming for Rfe1.} cxd5 18. Rfe1) 17... Bxg3 $11 18. hxg3 e5 {[%emt 0:01:23] Inhibits Nf4.} (18... dxe4 $11 {remains equal.} 19. fxe4 O-O-O) 19. exd5 $1 $16 Nxd5 20. Qe4 (20. Nc3 $16 {Hoping for Nxd5.} O-O-O 21. Qf5+ Kb8 22. dxe5) 20... O-O $11 21. dxe5 {[%emt 0:00:02] Black must now prevent Rac1.} Rae8 22. f4 Qf7 (22... g5 $1 $11 {and Black has nothing to worry.}) 23. Kg2 g6 (23... Qg6 $16 {might work better.} 24. Qd4 Qh5) 24. Rac1 Qe6 25. Qf3 (25. Rfe1 $18) 25... Qf7 (25... g5 $14) 26. Qb3 (26. Qg4 $1 $18) 26... Kh8 (26... g5 $1 $14) 27. Nd4 {[%emt 0:00:43] [#]} (27. Rc4 $16) 27... Qd7 $2 {[%emt 0:00:13] [#]} (27... Nxf4+ $1 $15 28. gxf4 Qxf4) 28. e6 $2 {[%emt 0:00:24] [#]} (28. Rh1 $1 $16 {stays on course.}) 28... Nxf4+ $1 $17 {[%emt 0:00:10][%mdl 64] Discovered Attack} 29. gxf4 Qxd4 30. Qc3 (30. Qxb7 $142 Qd5+ 31. Kg3) 30... Qxc3 31. Rxc3 Rxe6 {[%emt 0:00:01][%mdl 4096] Endgame KRR-KRR} 32. Rd1 (32. Re3 $17 Ref6 33. Re7) 32... Rf7 (32... Rxf4 $19 {And now ...Re2 would win.} 33. Rd7 Re2 34. Rxb7 Rfxf2+ 35. Kg3 Rg2+ 36. Kh3 Rh2+ 37. Kg3 Reg2+ 38. Kf4 Rxb2) 33. Kg3 Kg7 34. Rd8 Re4 35. Rf3 a5 36. Rb8 a4 37. a3 Re2 38. b3 Re4 39. bxa4 Rxa4 40. Rb3 (40. Re8 $142) 40... Raxf4 $19 ({But not} 40... b5 $2 41. Rf3 $19) 41. R8xb7 Rxf2 42. R7b6 R2f6 43. Rc3 Ra7 {[%emt 0:00:04] Against Ra6} 44. Rcb3 h5 45. R6b4 g5 46. Rb6 $2 (46. Kg2) 46... Kg6 47. Rb8 h4+ 48. Kg2 (48. Kh3 $142 Rh7 49. Rg8+ Kh5 50. a4) 48... Ra4 49. Rc3 Kh5 50. Rc8 Kg4 (50... Raf4 $142 51. Rc1 Rf2+ 52. Kg1 h3 53. Kh1 Rf1+ 54. Rxf1 Rxf1+ 55. Kh2 Kg4 56. Rxc6 Rf2+ 57. Kg1 Ra2 58. Rh6 Kg3 59. Kf1 h2 60. Rh7 g4 61. Rh8 Kf4 62. Rh4 Kf3 63. Ke1 Kg2 64. Rh8 g3 65. Kd1 h1=Q+ 66. Rxh1 Kxh1 67. Kc1 g2 68. Kb1 Rf2 69. Kc1 g1=Q#) 51. Rg8 Ra5 (51... Raf4 $142 52. Rc1 h3+ 53. Kg1 Kh4 54. Rh8+ Kg3 55. a4 g4 56. a5 Rf2 57. Rc3+ R6f3 58. Rxf3+ Rxf3 59. a6 Ra3 60. Kf1 Rxa6 61. Rh6 Ra1+ 62. Ke2 h2 63. Ke3 Re1+ 64. Kd2 h1=Q 65. Rxh1 Rxh1 66. Ke3 Kh3 67. Kf2 g3+ 68. Ke2 g2 69. Ke3 Re1+ 70. Kd3 g1=Q 71. Kc3 Re3+ 72. Kd4 Qg5 73. Kc4 Qd5+ 74. Kb4 Qb5#) 52. Rg7 Rf4 (52... Raf5 $142 53. Rc4+ Rf4 54. Rc1 h3+ 55. Kg1 Rf2 56. Rc4+ R6f4 57. Rxf4+ Rxf4 58. Rg8 c5 59. Rg7 Rf3 60. Rg8 Rf4 61. Rg6 c4 62. a4 Rf3 63. Kh2 Rf2+ 64. Kh1 h2 65. Re6 Kg3 66. Re3+ Rf3 67. Rxf3+ Kxf3 68. Kxh2 c3 69. Kh3 c2 70. a5 c1=Q 71. Kh2 Qd2+ 72. Kh3 Qg2#) 53. Rg8 Rb5 {[%emt 0:00:20] Black mates.} 54. Rxc6 h3+ 55. Kg1 Rb1+ {[%emt 0:00:01] Never resign too early!  Weighted Error Value: White=0.83/Black=0.66} 0-1

[Event "German Rapid Championship 2022"]
[Site "Goettingen"]
[Date "2022.09.24"]
[Round "1.13"]
[White "Becker, Thomas"]
[Black "Kopylov, Michael"]
[Result "0-1"]
[ECO "A57"]
[WhiteElo "2124"]
[BlackElo "2371"]
[Annotator "TA"]
[PlyCount "76"]
[EventDate "2022.09.24"]
[EventType "swiss"]
[EventCountry "GER"]
[SourceTitle "playchess.com"]
[Source "ChessBase"]
[SourceQuality "1"]
[TimeControl "900+10"]

1. d4 Nf6 2. c4 c5 3. d5 b5 4. Nc3 b4 5. Nb1 e6 6. Nf3 exd5 {[%emt 0:00:27] E10: Blumenfeld Gambit.} 7. cxd5 Bb7 8. Bg5 h6 {[%emt 0:00:29] The position is equal.} 9. Bxf6 Qxf6 10. e4 g5 11. e5 (11. Nbd2 $142) 11... Qf4 12. Be2 {[%emt 0:01:19] [#] Black keeps a firm grip on the game.} (12. h3 $1 $11) 12... g4 $1 $36 {[%emt 0:01:47][%mdl 2048] [#] Black has strong initiative. Black is more active.} 13. O-O $146 ({Predecessor:} 13. g3 Qf5 14. Nh4 Qxe5 15. O-O Qxd5 16. Qxd5 Bxd5 17. Bxg4 Bg7 18. Nf5 Bxb2 19. Re1+ {0-1 (32) Baeta,M (1895)-Delgado Ramirez,N (2613) Cuiaba 2019}) 13... gxf3 14. Bxf3 Bg7 (14... Qxe5 $2 15. Re1 Bd6 16. Rxe5+ Bxe5 17. Qe2 $18) 15. Re1 O-O 16. Re4 (16. Nd2 {was worth a try.}) 16... Qf5 $19 17. Qd3 c4 18. Qd4 d6 19. Bg4 (19. Nd2 $142) 19... Qg5 20. Qxc4 Bxe5 21. f4 Qxg4 22. fxe5 Qd1+ 23. Kf2 {[%emt 0:00:07] [#] And now Rg4+ would win.} Qxd5 24. Rg4+ Kh8 {[%emt 0:00:01] ...f5 is the strong threat.} 25. Qf4 Qe6 {[%emt 0:00:20] Black is clearly winning.} 26. Nd2 (26. Rh4 $142 Kh7 27. Qf6 Qxf6+ 28. exf6) 26... dxe5 27. Qxb4 Nc6 28. Qxb7 Qxg4 29. Qxc6 Qf4+ 30. Ke2 Rac8 31. Qf3 Qxf3+ 32. Nxf3 {[%emt 0:00:02][%mdl 4096] Endgame KRR-KRN} Rc2+ 33. Ke3 Rxg2 34. b4 Rb2 35. a3 Rb3+ 36. Ke2 Rc8 37. Ra2 Rcc3 38. Nh4 Rh3 {[%emt 0:00:11] Weighted Error Value: White=0.74/Black=0.38} 0-1

[Event "German Rapid Championship 2022"]
[Site "Goettingen"]
[Date "2022.09.24"]
[Round "3.1"]
[White "Krastev, Alexander"]
[Black "Svane, Rasmus"]
[Result "1/2-1/2"]
[ECO "B12"]
[WhiteElo "2431"]
[BlackElo "2615"]
[Annotator "TA"]
[PlyCount "63"]
[EventDate "2022.09.24"]
[EventType "swiss"]
[EventCountry "GER"]
[SourceTitle "playchess.com"]
[Source "ChessBase"]
[SourceQuality "1"]
[TimeControl "900+10"]

1. e4 c6 2. d4 d5 3. e5 Bf5 4. Nd2 e6 5. Nb3 Nd7 6. Nf3 Be4 {[%emt 0:01:17] B12: Caro-Kann: Advance Variation.} 7. Be2 c5 8. c3 cxd4 {[%emt 0:01:00] White has an edge.} 9. cxd4 Bb4+ 10. Bd2 Bxd2+ 11. Qxd2 Ne7 12. O-O {[%emt 0:00:03] [#]} O-O $146 ({Predecessor:} 12... h6 13. Ne1 Nc6 14. Bd3 Bxd3 15. Nxd3 O-O 16. f4 a5 17. Rac1 Qb6 18. Qe3 a4 {½-½ (24) Fedorov,A (2532)-Petrosyan,M (2611) Cheliabinsk 2021}) 13. Ng5 Bg6 14. f4 h6 15. Nf3 Rc8 16. Rac1 {[%emt 0:01:57] Against Rc2} Qb6 17. Rc3 Rxc3 18. bxc3 Rc8 19. Nh4 Be4 20. g4 (20. Qb2 $11 {keeps the balance.}) 20... Qc7 (20... a5 $17 {Threatens to win with ...a4.} 21. Qe3 a4) 21. f5 (21. Rc1 $11) 21... Qxc3 $17 22. Qf4 Rf8 (22... Qh3 $142 23. Qg3 (23. fxe6 $2 fxe6 24. Qg3 Qxg3+ 25. hxg3 Rc2 $19) 23... Qxg3+ 24. hxg3 Rc2 25. fxe6 fxe6) 23. Bf3 {[%emt 0:04:32] [#]} (23. Bb5 $17 {was called for.} Nc6 24. Nf3) 23... g5 $2 ({Better is} 23... Bc2 $1 $19 24. Rc1 g5 25. fxg6 fxg6) 24. fxg6 $1 $11 {[%emt 0:00:01] The position is equal.} fxg6 25. Qxh6 Rxf3 26. Nxf3 Bxf3 27. Qf4 Be4 28. Qf7+ Kh8 {[%emt 0:00:01][%cal Oc3h3] [#] ...Qh3! is the strong threat.} 29. Qxe7 {[%emt 0:00:12] Really sharp!} Qe3+ 30. Rf2 Qe1+ 31. Rf1 Qe3+ 32. Rf2 {[%emt 0:00:00] Weighted Error Value: White=0.20 (precise) /Black=0.21 (precise)} 1/2-1/2

[Event "German Rapid Championship 2022"]
[Site "Goettingen"]
[Date "2022.09.24"]
[Round "3.2"]
[White "Muckle, Julius"]
[Black "Bluebaum, Matthias"]
[Result "0-1"]
[ECO "D38"]
[WhiteElo "2401"]
[BlackElo "2647"]
[Annotator "TA"]
[PlyCount "57"]
[EventDate "2022.09.24"]
[EventType "swiss"]
[EventCountry "GER"]
[SourceTitle "playchess.com"]
[Source "ChessBase"]
[SourceQuality "1"]
[TimeControl "900+10"]

1. d4 Nf6 2. c4 e6 3. Nf3 d5 4. Nc3 Bb4 5. Qa4+ Nc6 6. a3 Bxc3+ 7. bxc3 Bd7 8. Qc2 {[%emt 0:00:24] D38: Queen's Gambit Declined: Ragozin Defence (4 Nf3 Bb4).} Na5 9. cxd5 exd5 10. Bg5 {[%emt 0:00:08] The position is equal.} h6 11. Bh4 Rc8 {[%emt 0:00:11] [#]} 12. Ne5 $146 ({Predecessor:} 12. e3 c5 13. dxc5 Rxc5 14. Bd3 Qe7 15. O-O O-O 16. Bh7+ Kh8 17. Bf5 Bxf5 18. Qxf5 {½-½ (46) Atalik,S (2474)-Omorjan,D (2339) Novi Sad 2022}) 12... g5 13. Bg3 Ne4 ({Black should play} 13... O-O $11) 14. Nxd7 (14. e3 $1 $14) 14... Qxd7 $11 (14... Kxd7 15. e3 $14) 15. Be5 f6 $36 {[%emt 0:00:41][%mdl 2048] Black has good play.} 16. f3 fxe5 17. fxe4 c5 18. dxe5 d4 {[%emt 0:00:08] And now ...Nc4 would win.} 19. e3 $1 O-O {[%emt 0:02:06][%mdl 1024] Black has compensation.} 20. Qa2+ (20. Rd1 $11) 20... Kg7 $17 {[%emt 0:01:29] ...d3 is the strong threat. Black is much more active. The white rooks are badly placed.} 21. e6 (21. Rd1 $142) 21... Qc7 $2 (21... Qc6 $1 $17 22. Qd5 Qb6) 22. Be2 (22. cxd4 cxd4 23. Qb2 Kg8 $17) (22. Rd1 $11 {keeps the balance.}) 22... d3 ({Don't play} 22... dxc3 23. O-O-O Rfd8 24. Rhf1 Rxd1+ 25. Rxd1 $16) (22... c4 $17 {Strongly threatening ...d3.} 23. exd4 (23. cxd4 Nb3 $15) 23... Nb3) 23. Bxd3 $11 c4 24. Bc2 {[%emt 0:02:58][%mdl 8192] [#]} (24. Be2 $11 {and White stays safe.}) 24... Qb6 $1 $19 25. O-O-O Rf2 $2 ({Black should try} 25... Qxe3+ $19 26. Kb2 (26. Kb1 $2 Rc6 $19) 26... Rc6 27. Rd7+ Kh8) 26. Rd7+ $15 Kh8 {[%emt 0:00:17] Really sharp!} (26... Kf8 $5 27. Qb2 Nb3+ 28. Kb1 Qxe6 $15) 27. Qb1 $2 {[%emt 0:00:02][%mdl 8192] [#]} (27. Qb2 $11 Nb3+ 28. Kb1) 27... Nb3+ $1 $19 28. Kd1 Qxe6 29. Ke1 {Weighted Error Value: White=1.04/Black=0.43} 0-1

[Event "German Rapid Championship 2022"]
[Site "Goettingen"]
[Date "2022.09.24"]
[Round "3.3"]
[White "Poetsch, Hagen"]
[Black "Langrock, Hannes"]
[Result "1-0"]
[ECO "B40"]
[WhiteElo "2491"]
[BlackElo "2358"]
[Annotator "TA"]
[PlyCount "51"]
[EventDate "2022.09.24"]
[EventType "swiss"]
[EventCountry "GER"]
[SourceTitle "playchess.com"]
[Source "ChessBase"]
[SourceQuality "1"]
[TimeControl "900+10"]

1. e4 c5 2. Nf3 e6 3. d4 cxd4 4. Nxd4 Nf6 5. Nc3 Nc6 6. Ndb5 Bc5 7. Nd6+ {[%emt 0:00:02] B45: Sicilian Four Knights.} Ke7 $1 8. Bf4 e5 9. Nf5+ {[%emt 0:00:02] White is slightly better.} Kf8 10. Bg5 d6 11. Ne3 (11. Bxf6 {feels hotter.} Qxf6 12. Nd5 Qd8 13. c3) 11... h6 12. Bxf6 Qxf6 13. Bc4 g6 14. O-O Kg7 {[%emt 0:00:07] [#]} 15. Na4 $146 ({Predecessor:} 15. Ncd5 Qd8 16. c3 a6 17. b4 Ba7 18. Qd2 Be6 19. Rad1 Rc8 20. Bb3 Qh4 21. Qd3 {0-1 (44) Siva,M (2310)-Barseghyan,H (2448) Cannes 2020}) 15... Be6 16. Bd5 Rac8 17. c3 a6 ({Black should play} 17... Bxe3 $11 18. fxe3 Qe7) 18. Nxc5 $14 dxc5 19. Qb3 Bxd5 (19... b5 $14) 20. Nxd5 Qh4 {[%emt 0:00:07] [#] A mistake that costs the game.} (20... Na5 $16 21. Qa4 (21. Nxf6 Nxb3 22. Nh5+ gxh5 $11) 21... Qd8) 21. Qxb7 $18 Qxe4 22. Ne7 Rb8 23. Qxc6 Qh4 (23... Qxc6 $142 24. Nxc6 Rxb2 25. Nxe5 Re2) 24. Qd6 {[%emt 0:00:37] White is clearly winning.} Rhe8 25. Qxe5+ Kh7 26. Rae1 {[%emt 0:00:24] Weighted Error Value: White=0.39/Black=0.50} 1-0

[Event "German Rapid Championship 2022"]
[Site "Goettingen"]
[Date "2022.09.24"]
[Round "3.4"]
[White "Arndt, Magnus"]
[Black "Lubbe, Nikolas"]
[Result "0-1"]
[ECO "E06"]
[WhiteElo "2384"]
[BlackElo "2479"]
[Annotator "TA"]
[PlyCount "132"]
[EventDate "2022.09.24"]
[EventType "swiss"]
[EventCountry "GER"]
[SourceTitle "playchess.com"]
[Source "ChessBase"]
[SourceQuality "1"]
[TimeControl "900+10"]

1. d4 d5 2. c4 e6 3. Nf3 Nf6 4. g3 Be7 5. Bg2 O-O 6. O-O c6 7. Nc3 b6 8. Re1 {[%emt 0:00:22] E06: Closed Catalan: Early deviations.} a5 9. Ne5 Nfd7 {[%emt 0:01:18] [#]} 10. Nxd7 $146 {[%emt 0:03:41] White is slightly better.} ({Predecessor:} 10. cxd5 Nxe5 11. dxe5 exd5 12. e4 d4 13. Ne2 c5 14. Nf4 Nc6 15. e6 fxe6 {0-1 (38) Sichinava,Z (2166)-Yankovsky,R (2202) St Petersburg 2007}) 10... Nxd7 11. e4 dxc4 12. e5 $1 Ba6 (12... Bb7 $11) 13. Qg4 $14 {[%emt 0:01:23][%mdl 1024] White has compensation.} Re8 14. Bh6 Bf8 15. Ne4 (15. Bxc6 $14 Rc8 16. Bg5) 15... Rc8 ({Black should play} 15... a4 $11) 16. h4 (16. Nd6 f5 17. Qg5 (17. exf6 $2 Nxf6 18. Bg5 Bxd6 $19) 17... Re7 $11) 16... Kh8 17. Bg5 ({But not} 17. Nd6 f5 18. Qg5 Re7 19. Qxe7 (19. Nxc8 $2 gxh6 20. Qf4 Qxc8 $19) 19... Qxe7 $17) ({Better is} 17. Bd2 $14 f5 18. exf6 Nxf6 19. Nxf6 Qxf6 20. Bc3) 17... f6 $11 18. exf6 gxf6 19. Qf4 $2 {[%emt 0:01:07] Now White is beyond hope.} (19. Re3 $15) 19... fxg5 $19 20. Nxg5 {[%emt 0:00:01] [#]} Qf6 ({Inferior is} 20... Qe7 21. Rxe6 Qxe6 22. Nxe6 Rxe6 23. Bh3 $11) 21. Qg4 Qf5 22. Qe2 Nf6 23. Bh3 Qg6 24. Bxe6 $2 (24. Qf3 {was worth a try.}) 24... h6 25. Nf7+ (25. Nf3 Nd7 26. Qe4 Qxe4 27. Rxe4) 25... Kg7 26. Qf3 {[%emt 0:00:14] [#]} Rxe6 27. Rxe6 {[%emt 0:00:02] Hoping for Ne5.} Qxf7 28. Rae1 Bb7 {[%emt 0:00:32][%cal Ba6b7,Bb7c8,Bc8d7][%mdl 32] ...c5 is the strong threat.} 29. Qf5 Rd8 {[%emt 0:00:14] aiming for ...Bc8.} 30. Qf4 Rd5 31. g4 Ng8 32. Qg3 Bc8 33. Rxc6 Bd7 34. Rxc4 Bd6 35. Qg2 Nf6 36. f3 Qg6 37. Rcc1 Rxd4 38. Rcd1 Bc5 39. Kh1 Rxd1 40. Rxd1 Bc6 {[%emt 0:00:03][%cal Of6g4] White must now prevent ...Nxg4!} 41. Qg3 Qf7 (41... Qc2 $142 42. Rf1 Qe2) 42. Kg2 Nd7 43. g5 h5 44. Kh2 Qxa2 45. Qf4 Qe6 {[%emt 0:00:10] ( -> ...Qe2+)} 46. Kg3 Qf7 47. Qxf7+ Kxf7 48. f4 Kg6 49. Re1 Nf8 50. Rd1 Ne6 51. Re1 Ng7 {[%emt 0:00:10] Threatens to win with ...Nf5+.} 52. Kh2 Bd6 53. Rf1 Kf5 54. Kh3 Ne6 55. Rd1 Nxf4+ 56. Kh2 Be5 57. Kg1 Ng6 58. Rf1+ Ke6 {[%emt 0:00:08] Strongly threatening ...Bd4+.} 59. Rc1 Bd5 60. Rc8 Nxh4 {[%emt 0:00:02] Black mates.} 61. Re8+ Kf5 62. Rf8+ Kxg5 63. Kf1 Nf5 64. Re8 Bxb2 65. Rb8 a4 66. Rxb6 a3 {[%emt 0:00:02] Weighted Error Value: White=0.44/Black=0.19 (very precise)} 0-1

[Event "German Rapid Championship 2022"]
[Site "Goettingen"]
[Date "2022.09.24"]
[Round "3.5"]
[White "Heider, Martin"]
[Black "Fridman, Daniel"]
[Result "0-1"]
[ECO "A06"]
[WhiteElo "2393"]
[BlackElo "2607"]
[Annotator "TA"]
[PlyCount "78"]
[EventDate "2022.09.24"]
[EventType "swiss"]
[EventCountry "GER"]
[SourceTitle "playchess.com"]
[Source "ChessBase"]
[SourceQuality "1"]
[TimeControl "900+10"]

1. Nf3 d5 2. b3 Bg4 3. e3 e5 4. h3 Bxf3 5. Qxf3 Nf6 6. Bb2 {[%emt 0:00:15] A06: Réti Opening: 1 Nf3 d5.} Bd6 {[%emt 0:00:03] was the old line (6...Nbd7).} 7. c4 c6 8. cxd5 {[%emt 0:00:31] The position is equal.} cxd5 9. Nc3 Bc7 {[%emt 0:00:48] [#]} (9... e4 $11 {keeps the balance.} 10. Qd1 O-O) 10. Bb5+ (10. g4 $1 $16) 10... Nc6 $14 {[%emt 0:00:10] [#]} 11. Ba3 $146 (11. Bxc6+ $5 bxc6 12. Rc1 $11) ({Predecessor:} 11. Qd1 O-O 12. Ne2 Qe7 13. Ng3 Rac8 14. Rc1 Bb6 15. O-O d4 16. Bxc6 bxc6 17. exd4 exd4 {1-0 (30) Beron,R-Casado,F (1614) Villa Maria 2012}) 11... Bd6 12. Bxc6+ bxc6 13. Bxd6 Qxd6 14. O-O O-O 15. Rac1 Nd7 16. Rc2 e4 17. Qf4 Ne5 18. Ne2 c5 {[%emt 0:00:45] Inhibits Nd4.} 19. Rfc1 Qe7 20. Qg3 ({Don't play} 20. Rxc5 Nd3 21. Qc7 Qxc7 22. Rxc7 Nxc1 23. Rxc1 Rac8 $17) 20... Nd3 21. Rd1 f5 (21... Nb4 $15 22. Rb2 Rfd8) 22. Nf4 Nb4 23. Rb2 (23. Rcc1 $16) 23... Qe5 $11 24. Rdb1 Rab8 25. a3 (25. d4 $5 cxd4 26. exd4 $11) 25... Nc6 (25... Nd3 $1 $15 26. Nxd3 Qxg3 27. fxg3 exd3) 26. Rc2 c4 27. b4 Rb5 28. Ne2 Qe6 29. Nc3 Rb7 30. Na4 {[%emt 0:00:12] [#]} (30. Ne2 $15) 30... f4 $1 $19 31. Qg4 Qxg4 ({Black should play} 31... Qd6 $19 {Threatens to win with ...Ne5.} 32. exf4 Nd4) 32. hxg4 $15 Ne5 33. Nc5 $2 ({White should try} 33. b5 $15) 33... Rb6 $19 {[%emt 0:00:28] Strongly threatening ...f3.} 34. b5 $2 (34. exf4 Rxf4 35. Rc3) 34... f3 {[%emt 0:00:11] Hoping for ...fxg2.} 35. a4 fxg2 {[%emt 0:01:59] White must now prevent ...Rg6.} 36. Kxg2 Rg6 37. Rh1 Nxg4 38. Kf1 Nxf2 39. Rh5 Nd3+ {[%emt 0:00:05] Weighted Error Value: White=0.87/Black=0.19 (very precise)} 0-1